AoeStats
← TTVSeanyBoyHoops

Arena

510013736Analyzed
2v2 RM · 5d ago on Sep 29, 2026· 51m 7s· 4 players
Game mode
Random Map
Map size
Medium (4 player)
Population
200
Speed
Normal
Resources
Standard
Victory
Conquest
Starting age
Dark Age
Ending age
Imperial Age
RankedLock teamsTeams togetherTeam positionsShared explorationLock speedFull tech treeHidden civsTurbo modeCheats
Victory
Defeat
🇺🇸 Vikings · United States
852
+14
🇺🇸 Sicilians · United States
826
+15
🇺🇸 Varangians · United States
811
-15
🇺🇸 Danes · United States
791
-14
Shinyo
11:13 Feudal Age
15:06 Castle Age
12:57 Double-Bit Axe
16:12 Bow Saw
15:44 Horse Collar
19:16 Gold Mining
19:16 Stone Mining
21:29 Loom
24:45 Gold Shaft Mining
24:45 Stone Shaft Mining
25:06 Town Watch
25:15 Town Watch
26:16 Heavy Plow
29:59 Stone Shaft Mining
30:05 Wheelbarrow
29:30 Town Patrol
33:13 Imperial Age
31:25 Hand Cart
32:53 First Crusade
32:56 Forging
32:49 Scale Mail Armor
32:59 Fletching
33:32 Ballistics
33:08 Murder Holes
33:25 Masonry
33:54 Squires
33:39 Arson
34:32 Iron Casting
34:14 Chain Mail Armor
33:56 Bodkin Arrow
33:49 Arrowslits
34:29 Conscription
33:30 Elite Serjeant
34:45 Hoardings
34:47 Bracer
36:03 Plate Mail Armor
36:35 Blast Furnace
36:35 Siege Engineers
38:16 Chemistry
FatDuke3
12:59 Feudal Age
11:14 Loom
13:56 Double-Bit Axe
13:54 Horse Collar
19:56 Gold Mining
19:56 Stone Mining
23:04 Castle Age
23:26 Fletching
23:37 Padded Archer Armor
25:14 Bodkin Arrow
25:35 Leather Archer Armor
25:30 Town Watch
26:50 Forging
26:15 Crossbowman
28:02 Fervor
28:30 Ballistics
29:17 Bow Saw
29:11 Heavy Plow
34:37 Imperial Age
34:12 Masonry
33:43 Treadmill Crane
33:59 Murder Holes
34:13 Town Patrol
35:28 Bracer
35:58 Ring Archer Armor
35:08 Arbalester
36:26 Conscription
38:00 Chemistry
37:31 Bogsveigar
38:32 Gold Shaft Mining
42:41 Two-Man Saw
42:12 Crop Rotation
43:16 Iron Casting
42:41 Scale Mail Armor
43:26 Squires
43:12 Arson
42:47 Elite Varangian Guard
43:49 Man-at-Arms
45:33 Blast Furnace
45:13 Architecture
45:01 Long Swordsman
46:26 Chain Mail Armor
45:37 Two-Handed Swordsman
46:54 Champion
48:26 Hoardings
49:45 Plate Mail Armor
49:20 Scale Barding Armor
49:22 Sappers
TTVSeanyBoyHoops
11:10 Feudal Age
13:08 Double-Bit Axe
15:44 Castle Age
17:13 Bow Saw
21:44 Wheelbarrow
21:45 Gold Mining
23:26 Town Watch
23:58 Loom
24:35 Horse Collar
25:40 Fortified Wall
25:51 Ballistics
25:58 Hand Cart
26:38 Forging
28:28 Iron Casting
31:38 Imperial Age
29:39 Scale Barding Armor
29:36 Scale Mail Armor
29:27 Fletching
30:46 Squires
30:32 Gambesons
31:11 Heavy Plow
33:33 Chemistry
33:19 Stone Mining
34:31 Two-Man Saw
34:28 Conscription
34:37 Chain Mail Armor
35:28 Elite Varangian Guard
37:15 Plate Mail Armor
38:46 Gothikon
40:14 Chain Barding Armor
40:55 Blast Furnace
39:22 Elite Skirmisher
40:33 Bodkin Arrow
40:38 Padded Archer Armor
48:29 Bracer
48:45 Leather Archer Armor
TTV-MAXTHEEGOAT
8:20 Loom
13:41 Feudal Age
15:19 Horse Collar
15:29 Double-Bit Axe
18:55 Castle Age
20:17 Heavy Plow
21:41 Gold Mining
21:42 Stone Mining
22:09 Bow Saw
23:19 Gambesons
23:34 Squires
24:43 Stone Shaft Mining
24:44 Gold Shaft Mining
34:40 Imperial Age
32:51 Wheelbarrow
32:02 Town Watch
33:32 Hamask
35:37 Thumb Ring
34:55 Cranequins
36:51 Elite Varangian Guard
37:08 Elite Skirmisher
41:41 Chemistry
41:02 Ballistics
40:50 Siege Engineers
41:18 Onager
45:18 Bloodlines
45:09 Husbandry
44:42 Siege Onager
Connection lost

Rejoining the realm…

Still unreachable

The connection could not be restored.

Session expired

The server has moved on; the page needs a fresh start.